 Dungeon Sprint DCSS version 0.18-b1-16-g289874d (webtiles) character file.

22322 otab the Severer (level 12, 0/107 HPs)
             Began as a Demonspawn Fighter on May 1, 2016.
             Was the Champion of Qazlal.
             Killed from afar by a white draconian (24 damage)
             ... with a chilling blast
             ... in the Dungeon (Sprint V: "Ziggurat Sprint").
             The game lasted 00:03:18 (433 turns).

otab the Severer (Demonspawn Fighter)                Turns: 433, Time: 00:03:19

Health: 0/107      AC: 29    Str: 29    XL:     12   Next: 62%
Magic:  0/14       EV:  5    Int: 10    God:    Qazlal [******]
Gold:   0          SH: 41    Dex: 20    Spells: 0 memorised, 11 levels left

rFire  . . .     SeeInvis +     y - +14 obsidian axe {chop, +Fly Str+3 SInv *Curse} (curse)
rCold  + . .     Gourm    .     z - +15 Maxwell's patent armour {-Cast -Tele rElec MR+ rCorr}
rNeg   + . .     Faith    .     A - +18 shield of the gong {rElec rN+ MR+ EV-5}
rPois  .         Spirit   +     (helmet restricted)
rElec  +         Dismiss  .     (no cloak)
rCorr  +         Reflect  .     (no gloves)
SustAt .         Harm     .     (no boots)
MR     ++...     NoTele   +     D - amulet of guardian spirit
Stlth  .......... NoCast   +    M - ring "Xupho" {Dex+6 SInv Stlth+}
                                G - +6 ring of strength

@: protected from cold, mesmerised, repel missiles, very resistant to hostile
enchantments, extremely unstealthy
A: antennae 2, claws 2, hooves 2, nightstalker 1, powered by death 1
a: Upheaval, Elemental Force, Disaster Area, Renounce Religion, Evoke Flight


You were in the Dungeon.
You worshipped Qazlal.
Qazlal was exalted by your worship.
You were not hungry.

You visited 1 branch

Inventory:

Hand Weapons
 a - a +0 war axe
 y - the cursed +14 obsidian axe (weapon) {chop, +Fly Str+3 SInv *Curse}
   (You found it in the Dungeon)

   It inflicts extra damage upon your enemies.
   It affects your strength (+3).
   It lets you see invisible.
   It lets you fly.
   It may re-curse itself when equipped.
   It has a curse placed upon it.
Armour
 b - a +0 scale mail
 c - a +0 shield
 z - the +15 Maxwell's patent armour (worn) {-Cast -Tele rElec MR+ rCorr}
   (You found it in the Dungeon)

   It insulates you from electricity.
   It affects your resistance to hostile enchantments.
   It prevents spellcasting.
   It prevents most forms of teleportation.
   It protects you from acid and corrosion.
 A - the +18 shield of the gong (worn) {rElec rN+ MR+ EV-5}
   (You found it in the Dungeon)

   It affects your evasion (-5).
   It insulates you from electricity.
   It protects you from negative energy.
   It affects your resistance to hostile enchantments.
 L - a +5 gold dragon armour
Jewellery
 o - the amulet "Poecrolu" {Gourm rF+ Dex+3}
   (You found it in the Dungeon)

   [amulet of the gourmand]

   It allows you to eat raw meat even when not hungry.
   It affects your dexterity (+3).
   It protects you from fire.
 B - an uncursed ring of wizardry
 C - a +6 ring of dexterity
 D - an amulet of guardian spirit (around neck)
 G - a +6 ring of strength (left claw)
 M - the ring "Xupho" (right claw) {Dex+6 SInv Stlth+}
   (You found it in the Dungeon)

   [ring of dexterity]

   It affects your dexterity (+6).
   It lets you see invisible.
   It makes you more stealthy.
Wands
 H - a wand of disintegration (7/24)
 I - a wand of iceblast (5/15)
 J - a wand of lightning (5/15)
 K - a wand of acid (5/15)
Scrolls
 k - 4 scrolls of blinking
 q - 4 scrolls of amnesia
 r - 3 scrolls of recharging
 s - 7 scrolls of fog
 t - 5 scrolls of identify
 u - 5 scrolls of remove curse
 v - 2 scrolls of fear
 E - a scroll of brand weapon
Potions
 d - 5 potions of might
 e - 10 potions of curing
 g - 9 potions of heal wounds
 h - 8 potions of haste
 i - 7 potions of magic
 j - 3 potions of berserk rage
 l - 2 potions of brilliance
 m - 2 potions of invisibility
 n - 4 potions of resistance
 p - 5 potions of agility
Comestibles
 f - 5 bread rations
 w - 42 fruits
 x - 4 meat rations
 F - 3 royal jellies


   Skills:
 + Level 14.1 Fighting
 * Level 19.6 Axes
 + Level 9.6 Armour
 + Level 2.7 Dodging
 + Level 15.1 Shields
 + Level 3.2 Invocations
 + Level 2.2 Evocations


You had 11 spell levels left.
You didn't know any spells.

Dungeon Overview and Level Annotations

Branches:
Dungeon (1/1)

Altars:
Ashenzari
Cheibriados
Dithmenos
Elyvilon
Fedhas
Gozag
Kikubaaqudgha
Makhleb
Nemelex Xobeh
Okawaru
Pakellas
Qazlal
Ru
Sif Muna
Trog
Vehumet
Xom
Yredelemnul
Zin
The Shining One
Beogh
Jiyva
Lugonu


Innate Abilities, Weirdness & Mutations

You have a pair of antennae on your head.
You have very sharp fingernails.
You have hoof-like feet.
You are slightly more attuned to the shadows.
You regenerate a little health from kills.


Message History

Your sixfirhy is engulfed in roaring flames. x4
The white draconian hits your soul eater with a long sword.
Your sixfirhy is engulfed in roaring flames.
You hit the red draconian but do no damage.
You kick the red draconian, but do no damage.
The red draconian is severely wounded.
Your sixfirhy is engulfed in roaring flames. x3
Your sixfirhy dies!
You block the red draconian's attack.
GONNNNG!
You block the purple draconian's attack.
GONNNNG!
The white draconian breathes frost at you.
The chilling blast hits your soul eater.
Your soul eater resists.
Your soul eater dies!
The chilling blast hits you!
Your resistance to fire fades away.
You feel protected from cold.
You die...

▓.▓....▓.▓.▓.†..
▓........▓....{.
▓...........▓▓▓▓▓▓▓▓▓▓▓▓▓▓▓▓
▓...........▓...8©8...▓..8©8
...dd......▓..34§§...▓..)))
....{.....▓...§§)§..▓..33§
▓.....▓dd▓.........▓.§...
▓▓...▓▓▓d▓.........▓...§.
▓..▓....{▓)@▓...).....▓..))(
▓......ddd)§▓.........▓...(.
▓▓▓▓▓▓▓▓▓▓▓▓▓.........▓.....
▓....8©8....▓....{....▓.....
▓...")§=)§..▓▓▓▓▓▓▓▓▓▓▓▓▓▓▓▓
▓...)}.§§...▓{..8©8.§.▓..8©8
▓...§§.§....▓....}4§..▓..=|§
▓...........▓...|)|...▓..).3
▓...........▓..§))(...▓.§§3.


You could see a mottled draconian, a green draconian, a purple draconian, 2
draconians and a white draconian.

Vanquished Creatures
  An angel (D)
  An ophan (D)
  An apis (D)
  A yellow draconian (D)
  A purple draconian (D)
  2 mottled draconians (D)
  2 red draconians (D)
  A naga warrior (D)
  An anaconda (D)
  A dancing weapon (D)
  A cherub (D)
  A giant orange brain (D)
  4 hornets (D)
  A shining eye (D)
  4 deep elf magi (D)
  2 cyclopes (D)
  2 naga magi (D)
  A black mamba (D)
  3 guardian serpents (D)
  3 toenail golems (D)
  A demonic crawler (D)
  2 merfolk (D)
  2 jumping spiders (D)
  5 slime creatures (D)
  2 tarantellas (D)
  A yak (D)
  A golden eye (D)
  A naga (D)
  2 water moccasins (D)
  A giant eyeball (D)
  A wasp (D)
  A small abomination (D)
  A wolf (D)
  3 centaurs (D)
  6 earth elementals (D)
  A quasit (D)
  2 iron imps (D)
  3 jellies (D)
  5 iguanas (D)
  A sheep (D)
  An adder (D)
  A river rat (D)
  A white imp (D)
  An ufetubus (D)
  3 oozes (D)
  2 jackals (D)
85 creatures vanquished.

Vanquished Creatures (collateral kills)
  A deep elf archer (D)
  A jumping spider (D)
2 creatures vanquished.

Grand Total: 87 creatures vanquished

Notes
Turn   | Place    | Note
--------------------------------------------------------------
     0 | D        | otab the Demonspawn Fighter began the quest for the Orb.
     0 | D        | Reached XP level 1. HP: 18/18 MP: 1/1
     0 | D        | Found a viscous altar of Jiyva.
     0 | D        | Found a roughly hewn altar of Beogh.
     0 | D        | Found a corrupted altar of Lugonu.
     0 | D        | Found a white marble altar of Elyvilon.
     0 | D        | Found a sparkling altar of Nemelex Xobeh.
     1 | D        | Found a burning altar of Makhleb.
     1 | D        | Found an iron altar of Okawaru.
     1 | D        | Found a deep blue altar of Sif Muna.
     1 | D        | Found a radiant altar of Vehumet.
     1 | D        | Found a bloodstained altar of Trog.
     1 | D        | Found a shimmering altar of Xom.
    37 | D        | Became a worshipper of Qazlal Stormbringer
    69 | D        | Reached skill level 3 in Axes
    69 | D        | Gained mutation: You are slightly more attuned to the shadows. [demonic ancestry]
    69 | D        | Reached XP level 2. HP: 25/25 MP: 1/4
    71 | D        | Entered arena 1.
    74 | D        | Reached skill level 4 in Axes
    74 | D        | Gained mutation: You have a pair of small antennae on your head. [demonic ancestry]
    74 | D        | Reached XP level 3. HP: 31/31 MP: 1/5
    81 | D        | Entered arena 2.
    81 | D        | Noticed a yak
    84 | D        | Reached * piety under Qazlal
    85 | D        | Reached skill level 5 in Fighting
    85 | D        | Reached XP level 4. HP: 39/39 MP: 2/6
    90 | D        | Killed a yak
    90 | D        | Reached skill level 5 in Axes
    90 | D        | Reached skill level 5 in Armour
    90 | D        | Gained mutation: You have a pair of antennae on your head. [demonic ancestry]
    90 | D        | Reached XP level 5. HP: 47/47 MP: 3/7
   100 | D        | Entered arena 3.
   100 | D        | Noticed a giant eyeball
   100 | D        | Noticed a slime creature
   102 | D        | Killed a giant eyeball
   102 | D        | Reached ** piety under Qazlal
   102 | D        | Reached skill level 6 in Axes
   102 | D        | Gained mutation: You have sharp fingernails. [demonic ancestry]
   102 | D        | Reached XP level 6. HP: 55/55 MP: 4/8
   104 | D        | Killed a slime creature
   104 | D        | Reached skill level 7 in Axes
   104 | D        | Reached XP level 7. HP: 61/61 MP: 4/9
   109 | D        | Got the amulet "Poecrolu" {Gourm rF+ Dex+3}
   111 | D        | Entered arena 4.
   111 | D        | Noticed a slime creature
   114 | D        | Reached *** piety under Qazlal
   116 | D        | Killed a slime creature
   116 | D        | Reached skill level 8 in Axes
   124 | D        | Entered arena 5.
   125 | D        | Reached **** piety under Qazlal
   137 | D        | Got the cursed +1 lajatang of the Living Dead {slice, rF++ MR++ Int-2}
   140 | D        | Entered arena 6.
   140 | D        | Noticed a deep elf mage
   140 | D        | Noticed a halberd of chopping
   140 | D        | Noticed a deep elf mage
   141 | D        | Noticed a deep elf mage
   141 | D        | Noticed a deep elf archer
   141 | D        | Noticed a deep elf mage
   144 | D        | Killed a deep elf mage
   144 | D        | Reached ***** piety under Qazlal
   144 | D        | Reached skill level 9 in Axes
   144 | D        | Gained mutation: You have large cloven feet. [demonic ancestry]
   144 | D        | Reached XP level 8. HP: 71/71 MP: 10/10
   145 | D        | Killed a halberd of chopping
   145 | D        | Reached skill level 10 in Axes
   147 | D        | Killed a deep elf mage
   147 | D        | Reached skill level 10 in Fighting
   147 | D        | Reached skill level 11 in Axes
   147 | D        | Reached skill level 10 in Shields
   147 | D        | Gained mutation: You regenerate a little health from kills. [demonic ancestry]
   147 | D        | Reached XP level 9. HP: 78/78 MP: 11/11
   151 | D        | Killed a deep elf mage
   154 | D        | Killed a deep elf mage
   154 | D        | Reached skill level 12 in Axes
   160 | D        | Killed a deep elf archer
   178 | D        | Entered arena 7.
   178 | D        | Noticed a shining eye
   183 | D        | Killed a shining eye
   183 | D        | Gained mutation: You have very sharp fingernails. [demonic ancestry]
   183 | D        | Reached XP level 10. HP: 86/87 MP: 12/12
   184 | D        | Reached skill level 13 in Axes
   188 | D        | Reached ****** piety under Qazlal
   194 | D        | Entered arena 8.
   195 | D        | Noticed a giant orange brain
   200 | D        | Killed a giant orange brain
   213 | D        | Entered arena 9.
   213 | D        | Noticed a cyclops
   214 | D        | Noticed a cyclops
   219 | D        | Reached skill level 14 in Axes
   220 | D        | Killed a cyclops
   220 | D        | Killed a cyclops
   243 | D        | Entered arena 10.
   243 | D        | Noticed a toenail golem
   244 | D        | Noticed a toenail golem
   244 | D        | Noticed a toenail golem
   248 | D        | Killed a toenail golem
   248 | D        | Reached skill level 15 in Axes
   250 | D        | Killed a toenail golem
   253 | D        | Killed a toenail golem
   255 | D        | Reached XP level 11. HP: 95/95 MP: 3/13
   266 | D        | Entered arena 11.
   267 | D        | Noticed an ophan
   267 | D        | Noticed an angel
   268 | D        | Noticed an apis
   269 | D        | Noticed a cherub
   281 | D        | Killed an ophan
   285 | D        | Killed an angel
   285 | D        | Reached skill level 16 in Axes
   286 | D        | Killed an apis
   293 | D        | Killed a cherub
   313 | D        | Entered arena 12.
   317 | D        | Reached skill level 17 in Axes
   333 | D        | Got the amulet of Secrets {Faith -Tele +Inv Dex+2 Slay+2}
   336 | D        | Got the ring "Xupho" {Dex+6 SInv Stlth+}
   345 | D        | Entered arena 13.
   346 | D        | Noticed an anaconda
   347 | D        | Noticed a naga warrior
   350 | D        | Killed an anaconda
   350 | D        | Reached skill level 18 in Axes
   351 | D        | Gained mutation: You have hoof-like feet. [demonic ancestry]
   351 | D        | Reached XP level 12. HP: 83/105 MP: 7/14
   373 | D        | Killed a naga warrior
   384 | D        | Got the amulet of Arebbism {+Rage rC+ SInv}
   391 | D        | Got the ring of Nusaij {rPois rF+ rC- Int+2 SInv}
   396 | D        | Entered arena 14.
   397 | D        | Noticed a yellow draconian
   397 | D        | Noticed a red draconian
   397 | D        | Noticed a white draconian
   397 | D        | Noticed a mottled draconian
   398 | D        | Noticed a red draconian
   398 | D        | Noticed a red draconian
   398 | D        | Noticed a mottled draconian
   398 | D        | Noticed a purple draconian
   398 | D        | Noticed a black draconian
   399 | D        | Noticed a mottled draconian
   400 | D        | Noticed a red draconian
   400 | D        | Noticed a green draconian
   411 | D        | Noticed a purple draconian
   413 | D        | Killed a mottled draconian
   416 | D        | Killed a red draconian
   419 | D        | Killed a mottled draconian
   419 | D        | Reached skill level 19 in Axes
   424 | D        | Killed a red draconian
   424 | D        | Reached skill level 15 in Shields
   426 | D        | Killed a yellow draconian
   430 | D        | Killed a purple draconian
   433 | D        | Killed from afar by a white draconian

Skill      XL: |  1  2  3  4  5  6  7  8  9 10 11 12 |
---------------+-------------------------------------+-----
Axes           | 3 4 5 6 7 9 11 12 15 18 19 | 19.6
Armour         | 3 4 5 6 7 8 9 |  9.6
Dodging        | 2 |  2.7
Shields        | 3 4 6 7 9 10 11 12 14 15 | 15.1
Invocations    | 3 |  3.2
Evocations     | 2 |  2.2
Fighting       | 4 5 6 7 9 10 11 12 13 14 | 14.1

Action                   |  1- 3 |  4- 6 |  7- 9 | 10-12 || total
-------------------------+-------+-------+-------+-------++-------
Melee: Broad axe         |     4 |     8 |    27 |   108 ||   147
       Kick              |       |       |     8 |    46 ||    54
  Use: Potion            |     1 |       |       |     3 ||     4
 Stab: Distracted        |       |       |       |     1 ||     1
Armor: Plate armour      |     2 |     2 |     6 |    26 ||    36
Dodge: Dodged            |       |       |       |    11 ||    11
       Deflected         |       |       |       |     3 ||     3
Block: Shield            |     9 |     7 |    36 |   174 ||   226
